 Dungeon Crawl Stone Soup version 0.22.1-1-ga44c0e56f4 (webtiles) character file.

50 Jerry the Shield-Bearer (level 4, -10/37 HPs)
             Began as a Formicid Fighter on Oct 14, 2018.
             Mangled by an ogre
             ... wielding a +0 giant club
              (24 damage)
             ... on level 2 of the Dungeon.
             The game lasted 00:03:14 (1555 turns).

Jerry the Shield-Bearer (Formicid Fighter)          Turns: 1555, Time: 00:03:15

Health: -10/37     AC:  7    Str: 27    XL:     4   Next: 4%
Magic:  4/4        EV:  8    Int:  7    God:
Gold:   96         SH: 10    Dex: 10    Spells: 3/3 levels left

rFire    . . .     SeeInvis +   a - +0 war axe
rCold    . . .     Gourm    .   c - +0 shield
rNeg     . . .     Faith    .   b - +0 scale mail
rPois    .         Spirit   .   (helmet unavailable)
rElec    .         Reflect  .   (no cloak)
rCorr    .         Harm     .   (no gloves)
MR       +....                  (no boots)
Stlth    ..........             (no amulet)
HPRegen  0.12/turn              q - ring of protection from magic
MPRegen  0.09/turn              (no ring)

@: mighty
A: permanent stasis, dig shafts and tunnels, four strong arms, antennae 3
a: Dig, Shaft Self


You were on level 2 of the Dungeon.
You were not hungry.

You visited 1 branch of the dungeon, and saw 2 of its levels.

You collected 96 gold pieces.

Inventory:

Hand Weapons
 a - a +0 war axe (weapon)
 i - a +4 dagger
Armour
 b - a +0 scale mail (worn)
 c - a +0 shield (worn)
Jewellery
 q - a ring of protection from magic (left hand)
Scrolls
 e - 5 scrolls of identify {unknown}
 k - a scroll of teleportation {unknown}
 m - a scroll of noise {unknown}
 p - 2 scrolls of amnesia {unknown}
 s - a scroll of remove curse {unknown}
Potions
 g - 3 potions of heal wounds {unknown}
 h - 2 potions of curing {unknown}
 j - a potion of magic {unknown}
 l - a potion of degeneration {unknown}
 n - 2 potions of ambrosia {unknown}
 o - a potion of berserk rage {unknown}
Comestibles
 f - a ration
 r - 3 chunks of flesh


   Skills:
 + Level 3.7 Fighting
 * Level 2.9 Axes
 + Level 3.7 Armour
 + Level 4.1 Shields


You had 3 spell levels left.
You didn't know any spells.
Your spell library was empty.

Dungeon Overview and Level Annotations

Branches:
Dungeon (2/15)

Altars:


Innate Abilities, Weirdness & Mutations

You cannot be hasted, slowed, berserked, paralysed or teleported.
You can dig through walls and to a lower floor.
Your four strong arms can wield two-handed weapons with a shield.
You have a pair of large antennae on your head. (SInv)


Message History

You kill the frilled lizard!
A giant cockroach comes into view.
Found a potion of might and 10 poisoned needles.
The ogre hits you with a giant club!
Found a stone staircase leading down.
You hit the ogre.
The ogre is lightly wounded.
You block the ogre's attack.
You feel very mighty all of a sudden.
Your shield and scale mail prevent you from hitting the ogre.
The ogre is lightly wounded.
The ogre hits you with a giant club!
You barely miss the ogre.
The ogre is lightly wounded.
You block the ogre's attack.
You slash the ogre!
The ogre is heavily wounded.
You block the ogre's attack. The ogre hits you with a giant club!!
Ouch! That really hurt!
You die...

#####.#......#.#
.............#.###
.####.#..........#
.###....#...##.#.#
.##.....######.#.#
...#....######.#.#
...##.#........#.#
...##.##########.#
...##.# #@#
####### #O# #s#
##.# . { ##..####
. #......#
+.......#!#
####...## # ##...


You could see an ogre and a giant cockroach.

Vanquished Creatures
  An adder (D:2)
  2 dart slugs (D:1)
  A leopard gecko (D:1)
  2 giant cockroaches (D:1)
  6 goblins
  3 hobgoblins
  A quokka (D:2)
  2 bats
  4 frilled lizards (D:2)
  8 kobolds
  5 rats
35 creatures vanquished.

Notes
Turn   | Place    | Note
-------+----------+-------------------------------------------
     0 | D:1      | Jerry the Formicid Fighter began the quest for the Orb.
     0 | D:1      | Reached XP level 1. HP: 18/18 MP: 1/1
    69 | D:1      | Reached XP level 2. HP: 19/24 MP: 2/2
   658 | D:1      | Reached XP level 3. HP: 26/29 MP: 3/3
   889 | D:2      | Reached skill level 4 in Shields
  1440 | D:2      | Reached XP level 4. HP: 37/37 MP: 4/4
  1542 | D:2      | Noticed an ogre
  1555 | D:2      | Mangled by an ogre

Skill      XL: |  1  2  3 |
---------------+----------+-----
Shields        | 4 |  4.1
Fighting       | |  3.7
Axes           | |  2.9
Armour         | |  3.7

Action                   |  1- 3 |  4- 6 || total
-------------------------+-------+-------++-------
Melee: War axe           |   116 |     7 ||   123
  Use: Potion            |       |     1 ||     1
  Eat: Chunk             |     2 |       ||     2
Armor: Scale mail        |    49 |       ||    49
Dodge: Dodged            |    39 |     1 ||    40
Block: Shield            |    56 |     3 ||    59
